AoeStats
← Mknolix

Arena

510325014Analyzed
4v4 RM · 3d ago on Sep 30, 2026· 38m 12s· 8 players
Game mode
Random Map
Map size
Large (8 player)
Population
200
Speed
Normal
Resources
Standard
Victory
Conquest
Starting age
Dark Age
Ending age
Imperial Age
RankedLock teamsTeams togetherTeam positionsShared explorationLock speedFull tech treeHidden civsTurbo modeCheats
Victory
Defeat
🇭🇰 Saxons · Hong Kong SAR China
1146
+14
🇦🇷 Malay · Argentina
1142
+14
🇬🇧 Wei · United Kingdom
1121
+15
🇭🇰 Vietnamese · Hong Kong SAR China
1071
+18
🇨🇳 Turks · China
1138
-16
🇵🇹 Burgundians · Portugal
1119
-16
🇵🇪 Mongols · Peru
1088
-15
🇲🇽 Celts · Mexico
1077
-14
Ragnar-Lothbrok
10:47 Feudal Age
15:03 Castle Age
13:25 Double-Bit Axe
16:32 Wheelbarrow
15:45 Loom
16:20 Horse Collar
18:47 Bow Saw
21:27 Heavy Plow
23:10 Hand Cart
24:26 Stone Mining
24:26 Gold Mining
24:26 Stone Mining
24:27 Gold Mining
26:22 Gold Shaft Mining
26:23 Stone Shaft Mining
31:12 Imperial Age
28:56 Masonry
30:00 Ballistics
30:04 Scale Mail Armor
31:04 Stronghold
31:41 Devotion
31:20 Onager
31:23 Capped Ram
33:08 Conscription
32:59 Furor Celtica
32:38 Siege Onager
35:16 Heavy Scorpion
YajiuSenpai
10:29 Feudal Age
14:05 Castle Age
12:12 Double-Bit Axe
13:08 Horse Collar
16:01 Loom
16:54 Wheelbarrow
22:58 Town Watch
24:09 Hand Cart
24:48 Bow Saw
30:21 Imperial Age
28:16 Forging
28:00 Gold Mining
29:03 Fortified Wall
29:07 Fletching
31:09 Gold Shaft Mining
30:37 Bodkin Arrow
31:07 Masonry
lucas.lgbr
5:58 Double-Bit Axe
11:48 Feudal Age
10:27 Gold Mining
10:18 Horse Collar
12:39 Wheelbarrow
12:29 Heavy Plow
12:43 Bow Saw
17:44 Castle Age
17:27 Gold Shaft Mining
16:48 Stone Mining
17:36 Hand Cart
19:15 Loom
19:18 Town Watch
22:06 Two-Man Saw
23:10 Crop Rotation
22:40 Cavalier
23:21 Husbandry
23:28 Scale Barding Armor
23:34 Forging
26:35 Iron Casting
28:49 Stone Shaft Mining
28:21 Town Patrol
29:18 Chain Barding Armor
31:40 Light Cavalry
DSLG | Shamer
10:17 Feudal Age
14:38 Castle Age
13:24 Double-Bit Axe
13:38 Loom
23:51 Bow Saw
25:01 Horse Collar
25:52 Padded Archer Armor
25:42 Fletching
27:37 Wheelbarrow
27:05 Heavy Plow
27:36 Town Watch
28:20 Leather Archer Armor
28:00 Bodkin Arrow
28:49 Thumb Ring
28:44 Gold Mining
28:44 Stone Mining
30:01 Hand Cart
33:22 Imperial Age
31:55 Ballistics
32:59 Stone Shaft Mining
33:00 Gold Shaft Mining
32:50 Bloodlines
32:41 Husbandry
33:23 Forging
33:19 Scale Barding Armor
34:05 Fortified Wall
34:07 Masonry
33:34 Capped Ram
34:43 Parthian Tactics
34:41 Conscription
34:53 Chain Barding Armor
34:33 Bracer
35:28 Parthian Tactics
34:33 Elite Steppe Lancer
35:30 Bracer
36:06 Iron Casting
36:13 Heavy Cavalry Archer
建興法師
10:59 Feudal Age
14:49 Castle Age
13:18 Horse Collar
14:09 Loom
14:11 Double-Bit Axe
15:56 Bow Saw
23:04 Wheelbarrow
28:42 Imperial Age
26:55 Padded Archer Armor
27:18 Ballistics
26:20 Crossbowman
28:01 Hand Cart
27:49 Heavy Plow
27:40 Gold Mining
28:27 Fletching
29:12 Thumb Ring
29:05 Bodkin Arrow
30:20 Leather Archer Armor
31:43 Bracer
32:30 Ring Archer Armor
33:02 Chemistry
31:45 Arbalester
34:07 Stone Mining
35:20 Two-Man Saw
37:46 Elite Skirmisher
伐伐伐伐伐木工
10:40 Feudal Age
11:46 Double-Bit Axe
14:33 Castle Age
12:25 Horse Collar
15:24 Bow Saw
16:54 Wheelbarrow
21:06 Hand Cart
23:27 Loom
24:07 Treadmill Crane
27:53 Imperial Age
25:56 Ballistics
26:10 Scale Mail Armor
26:15 Stone Mining
26:16 Gold Mining
26:58 Town Watch
27:37 Chain Mail Armor
27:34 Forging
28:05 Gold Shaft Mining
28:00 Fletching
29:07 Plate Mail Armor
28:25 Elite Hearth Troop
30:41 Chemistry
31:13 Two-Man Saw
30:28 Masonry
30:50 Conscription
30:48 Gambesons
31:03 Squires
30:49 Arson
33:07 Architecture
33:19 Shield Wall
35:09 Iron Casting
34:30 Bodkin Arrow
35:45 Siege Engineers
37:24 Bracer
38:29 Coinage
曠曠曠曠曠曠工
10:53 Feudal Age
12:27 Double-Bit Axe
15:27 Castle Age
13:21 Horse Collar
14:03 Gold Mining
17:01 Bow Saw
17:16 Heavy Plow
17:41 Loom
21:07 Stone Mining
22:51 Wheelbarrow
25:37 Hand Cart
28:15 Imperial Age
26:25 Town Watch
27:30 Scale Barding Armor
27:36 Forging
27:37 Town Patrol
27:43 Caravan
28:34 Gold Shaft Mining
28:37 Stone Shaft Mining
28:22 Treadmill Crane
29:56 Crop Rotation
29:52 Chain Barding Armor
29:24 Fletching
29:47 Husbandry
29:59 Bloodlines
30:45 Iron Casting
30:35 Ballistics
30:06 Heavy Hei Guang Cavalry
30:07 Light Cavalry
30:20 Elite Skirmisher
31:00 Bodkin Arrow
32:40 Tuntian
33:01 Conscription
32:59 Bracer
35:00 Blast Furnace
35:07 Hoardings
34:13 Hussar
Mknolix
10:35 Feudal Age
14:42 Castle Age
13:18 Loom
13:23 Double-Bit Axe
15:23 Wheelbarrow
15:49 Bow Saw
17:27 Horse Collar
23:50 Fletching
24:15 Heavy Plow
24:42 Squires
24:29 Arson
25:45 Treadmill Crane
29:44 Imperial Age
30:13 Chemistry
29:51 Forging
29:41 Bodkin Arrow
29:34 Elite Karambit Warrior
30:44 Conscription
30:51 Conscription
33:04 Iron Casting
32:46 Forced Levy
32:10 Man-at-Arms
32:56 Long Swordsman
33:40 Two-Handed Swordsman
35:33 Blast Furnace
35:28 Pikeman
Connection lost

Rejoining the realm…

Still unreachable

The connection could not be restored.

Session expired

The server has moved on; the page needs a fresh start.